 Dungeon Crawl Stone Soup version 0.31-a0-1163-gcee99d1eea (webtiles) character file.

Game seed: 11765208652210082019

1949 gekpol the Firebug (level 9, -8/73 HPs)
             Began as a Naga Fire Elementalist on Dec 8, 2023.
             Was an Initiate of Ashenzari.
             Engulfed by a cloud of flame (17 damage)
             ... on level 7 of the Dungeon on Dec 9, 2023.
             The game lasted 01:22:23 (7026 turns).

gekpol the Firebug (Naga Fire Elementalist)         Turns: 7026, Time: 01:22:23

Health: -8/73      AC:  4    Str: 15    XL:     9   Next: 18%
Magic:  9/19       EV: 10    Int: 19    God:    Ashenzari [......]
Gold:   71         SH:  0    Dex: 20    Spells: 6/19 levels left

rFire   . . .        u - +6 trident of the Shrinking Gods {vamp, Str+3 Dex+3}
rCold   + . .        (no shield)
rNeg    . . .        g - +0 leather armour
rPois   +            (no helmet)
rElec   .            (no cloak)
rCorr   .            (no gloves)
SInv    +            (no barding)
Will    +....        p - amulet of the acrobat
Stlth   +++          o - +6 ring of dexterity
HPRegen 0.32/turn    (no ring)
MPRegen 0.16/turn

%: acrobat
@: very slow
A: AC +3, large, see invisible, deformed body, poison resistance, slowness 2,
spit poison 1, naga tail 1, cold resistance 1, high MP 1, passive freeze
a: Spit Poison, Renounce Religion, Curse Item


You were on level 7 of the Dungeon.
You worshipped Ashenzari.
Ashenzari was noncommittal.
You visited 2 branches of the dungeon, and saw 8 of its levels.

You collected 300 gold pieces.
You spent 229 gold pieces at shops.

Inventory:

Hand Weapons
 c - a +2 short sword of venom
 h - a +3 dagger of speed
 u - the +6 trident of the Shrinking Gods (weapon) {vamp, Str+3 Dex+3}
   (You bought it in a shop on level 5 of the Dungeon)

   Str+3:     It affects your strength (+3).
   Dex+3:     It affects your dexterity (+3).
Missiles
 a - 6 boomerangs
 f - 8 poisoned darts
 k - a throwing net
 l - 3 datura-tipped darts
Armour
 g - a +0 leather armour (worn)
Jewellery
 m - a +4 ring of slaying
 o - a +6 ring of dexterity (left hand)
 p - an amulet of the acrobat (around neck)
Talismans
 j - a serpent talisman
Scrolls
 d - 2 scrolls of poison
 e - 4 scrolls of teleportation
 r - a scroll of enchant weapon
Potions
 b - 2 potions of enlightenment
 i - 2 potions of attraction
 n - a potion of ambrosia {unknown}
 q - 2 potions of berserk rage
 s - 2 potions of curing {unknown}


   Skills:
 + Level 1.7 Fighting
 + Level 0.6 Short Blades
 + Level 0.3 Maces & Flails
 * Level 2.2 Polearms
 - Level 1.4 Armour
 + Level 2.7 Dodging
 + Level 4.1 Stealth
 + Level 0.7 Unarmed Combat
 + Level 5.5 Spellcasting
 * Level 4.3 Conjurations
 * Level 2.1 Hexes
 * Level 3.2 Translocations
 + Level 6.6 Fire Magic


You had 6 spell levels left.
You knew the following spells:

 Your Spells              Type           Power      Damage    Failure   Level
a - Foxfire               Conj/Fire      100%       2x1d9     1%          1
b - Scorch                Fire           60%        2d7       1%          2
c - Inner Flame           Hex/Fire       21%        N/A       7%          3
d - Flame Wave            Conj/Fire      26%        2d8       14%         4
e - Volatile Blastmotes   Fire/Tloc      48%        2d14      5%          3

Your spell library contained the following spells:

 Spells                   Type           Power      Damage    Failure   Level
 Apportation              Tloc           34%        N/A       3%          1
 Jinxbite                 Hex            26%        N/A       10%         2
 Sting                    Tmut/Pois      20%        1d4       14%         1
 Sticky Flame             Conj/Fire      26%        2d5       14%         4
 Poisonous Vapours        Pois/Air       10%        N/A       22%         2
 Olgreb's Toxic Radiance  Pois           5%         N/A       82%         4
 Alistair's Intoxication  Tmut/Pois      3%         N/A       99%         5


Dungeon Overview and Level Annotations

Branches:
Dungeon (7/15)             Temple (1/1) D:4

Altars:
Ashenzari
Cheibriados
Dithmenos
Elyvilon
Fedhas
Gozag
Kikubaaqudgha
Nemelex Xobeh
Okawaru
Qazlal
Ru
Trog
Uskayaw
Wu Jian
Yredelemnul
Zin
The Shining One

Shops:
D:2 (   D:5 (

Annotations:
D:3 2 transporters, hgbash's ghost, amateur OpSh


Innate Abilities, Weirdness & Mutations

Your serpentine skin is tough. (AC +3)
You have supernaturally acute eyesight. (SInv)
Armour fits poorly on your strangely shaped body.
Your system is resistant to poisons. (rPois)
You cover ground very slowly.
You can spit poison.
You have a snake-like lower body.
Your flesh is cold resistant. (rC+)
You have an increased reservoir of magic. (+10% MP)
A frigid envelope surrounds you and freezes all who hurt you.


Message History

The orc shouts!
The orc priest mumbles some strange prayers to Beogh against you.
Beogh smites you!
Okay, then.
Casting: Scorch (safe; 1% risk of failure)
Press: ? - help, Q - select action, (/) - cycle Dir - look around, f - activate Look: an orc wizard, wielding a +0 dagger and wearing a +0 robe (inner flame) Flames lash the orc.
You kill the orc!
Casting: Scorch (safe; 1% risk of failure)
Press: ? - help, Q - select action, (/) - cycle Dir - look around, f - activate Flames lash the orc.
You kill the orc!
The orc warrior attacks as it pursues you!
The orc warrior closely misses you.
The orc warrior hits you from afar with a +0 trident!
You closely miss the orc wizard. The orc warrior barely misses you.
The orc wizard hits you with a +0 dagger.
The orc wizard is very cold.
Flame seeps out of the orc wizard.
The orc wizard is lightly wounded.
Casting: Scorch (safe; 1% risk of failure)
Press: ? - help, Q - select action, (/) - cycle Dir - look around, f - activate Flames lash the orc warrior.
The orc warrior is lightly wounded.
The orc warrior's fire resistance burns away.
The orc warrior hits you from afar with a +0 trident.
The orc wizard is engulfed in blazing flames.
Flame seeps out of the orc wizard.
The orc wizard casts a spell at you. The puff of flame misses you.
The orc priest calls down the wrath of Beogh upon you.
Beogh smites you!
Casting: Scorch (safe; 1% risk of failure)
Press: ? - help, Q - select action, (/) - cycle Dir - look around, f - activate Flames lash the orc wizard.
The orc wizard explodes!
The fiery explosion engulfs you!!
* * * LOW HITPOINT WARNING * * *
You are engulfed in blazing flames.
You die...

### ..=. ....)
......#############
.(..)oo.@§.......>#
(.....##°§....###.#######
##### #§§....# #.##.....
#......# #.##.####
######## #.##.# #.##.#
#.##.# #.##.####
#######........


You could see an orc warrior (combustible) and an orc priest.

Vanquished Creatures
  Sigmund (D:2)
  A water moccasin (D:5)
  An orc warrior (D:7)
  A sky beast (D:6)
  An ogre (D:4)
  3 black bears
  A centaur (D:7)
  2 kobold brigands (D:6)
  A bullfrog (D:6)
  3 scorpions
  A jelly (D:5)
  2 orc priests
  2 hounds
  2 sleepcaps
  An iguana (D:5)
  Natasha (twice) (D:3)
  7 orc wizards
  8 gnolls
  7 adders
  A shadow imp (D:6)
  A white imp (D:5)
  A worm (D:5)
  3 dart slugs
  23 orcs
  8 ball pythons
  9 bats
  5 endoplasms
  4 giant cockroaches
  11 goblins
  3 hobgoblins
  A quokka (D:2)
  4 frilled lizards
  8 kobolds
  5 rats
134 creatures vanquished.

Vanquished Creatures (others)
  An arcanist (D:6)
  143 foxfires
144 creatures vanquished.

Grand Total: 278 creatures vanquished

Notes
Turn   | Place    | Note
-------+----------+-------------------------------------------
     0 | D:1      | gekpol the Naga Fire Elementalist began the quest for the
                  | Orb.
     0 | D:1      | Reached XP level 1. HP: 15/15 MP: 3/3
    29 | D:1      | Reached XP level 2. HP: 17/22 MP: 1/5
   295 | D:1      | Reached XP level 3. HP: 26/28 MP: 2/6
   472 | D:1      | Learned a level 2 spell: Scorch
   476 | D:1      | Learned a level 3 spell: Inner Flame
   848 | D:1      | Gained mutation: A frigid envelope surrounds you and
                  | freezes all who hurt you. [potion of mutation]
   848 | D:1      | Gained mutation: You have an increased reservoir of magic.
                  | (+10% MP) [potion of mutation]
   848 | D:1      | Gained mutation: Your flesh is cold resistant. (rC+)
                  | [potion of mutation]
   930 | D:1      | Found a faded altar of an unknown god.
  1234 | D:2      | Noticed Sigmund
  1242 | D:2      | Killed Sigmund
  1243 | D:2      | Reached skill level 1 in Armour
  1243 | D:2      | Reached skill level 4 in Fire Magic
  1243 | D:2      | Reached XP level 4. HP: 29/37 MP: 1/9
  1243 | D:2      | Reached XP level 5. HP: 33/43 MP: 1/11
  1500 | D:2      | Found a glowing silver altar of Zin.
  1594 | D:2      | Reached XP level 6. HP: 49/50 MP: 7/12
  1754 | D:2      | Found Wisuat's Antique Weapon Shop.
  2076 | D:3      | Noticed hgbash's ghost (amateur OpSh)
  2090 | D:3      | Found a transporter.
  2091 | D:3      | Identified the +11 great mace of Fyrgh {flame, rF+ rC+}
  2095 | D:3      | Found a transporter.
  2341 | D:3      | Found an ornate altar of the Wu Jian Council.
  2344 | D:3      | Noticed Natasha
  2352 | D:3      | Killed Natasha
  2662 | D:3      | Noticed Natasha
  2666 | D:3      | Killed Natasha
  3211 | D:4      | Reached skill level 5 in Fire Magic
  3408 | D:4      | Learned a level 4 spell: Flame Wave
  3412 | D:4      | Learned a level 3 spell: Volatile Blastmotes
  3475 | D:4      | Noticed a black bear
  3490 | D:4      | Killed a black bear
  3491 | D:4      | Reached XP level 7. HP: 55/56 MP: 10/14
  3644 | D:4      | Found a staircase to the Ecumenical Temple.
  3693 | D:4      | Reached skill level 1 in Translocations
  3700 | Temple   | Entered the Ecumenical Temple
  3791 | Temple   | Became a worshipper of Ashenzari the Shackled
  4348 | D:5      | Entered Level 5 of the Dungeon
  4704 | D:5      | Reached XP level 8. HP: 56/63 MP: 7/16
  4831 | D:5      | Reached skill level 1 in Fighting
  5046 | D:5      | Found Muxt's Antique Weapon Shop.
  5256 | D:5      | Bought an ancient trident for 229 gold pieces
  5256 | D:5      | Identified the +6 trident of the Shrinking Gods {vamp,
                  | Str+3 Dex+3} (You bought it in a shop on level 5 of the
                  | Dungeon)
  5861 | D:6      | Found a bloodstained altar of Trog.
  5863 | D:6      | Noticed an arcanist
  5866 | D:6      | Killed an arcanist
  6030 | D:6      | Reached skill level 6 in Fire Magic
  6069 | D:6      | Reached skill level 1 in Hexes
  6070 | D:6      | Reached skill level 1 in Polearms
  6070 | D:6      | Reached skill level 5 in Spellcasting
  6250 | D:6      | Found an ancient bone altar of Kikubaaqudgha.
  6288 | D:6      | Upgraded the game from 0.31-a0-1074-g0b22e4e0f1 to
                  | 0.31-a0-1163-gcee99d1eea
  6374 | D:6      | Found a blossoming altar of Fedhas.
  6423 | D:6      | Reached XP level 9. HP: 72/72 MP: 15/18
  6607 | D:6      | Found an opulent altar of Gozag.
  7026 | D:7      | Engulfed by a cloud of flame

Illustrated notes

Levels and vault maps discovered:
D:1:      dpeg_arrival_tiny_a, layout_loops_corners,
          nicolae_ecumenical_lake_church
D:2:      layout_rooms, serial_shops, nicolae_diamond_shop, basic_altar,
          minmay_octomino_j4, uniq_sigmund
D:3:      minmay_recursive_quarters, layout_basic,
          mainiacjoe_overflow_small_starburst, gammafunk_ghost_smash,
          uniq_natasha
D:4:      layout_cave_pools, minmay_temple_entry_large_hall
D:5:      layout_loops_ring, serial_shops, nicolae_shop_back_alley_shop,
          nicolae_zen_rock_garden
D:6:      nicolae_BIG_FREAKIN_CUBE, layout_cave_pools, lemuel_tele_altar,
          trog_wizard, mainiacjoe_overflow_boulevard, marbit_many_paths
D:7:      layout_basic, ebering_ghost_reflecting_pool
Temple:   minmay_temple_curvy_loop

Skill      XL: |  1  2  3  4  5  6  7  8  9 |
---------------+----------------------------+-----
Armour         | 1 |  1.4
Dodging        | 2 |  2.7
Spellcasting   | 3 4 5 |  5.5
Fire Magic     | 4 5 6 |  6.6
Conjurations   | 2 3 4 |  4.3
Translocations | 1 3 |  3.2
Fighting       | 1 |  1.7
Stealth        | 4 |  4.1
Hexes          | 1 2 |  2.1
Polearms       | 2 |  2.2
Short Blades   | |  0.6
Maces & Flails | |  0.3
Unarmed Combat | |  0.7

Action                     |  1- 3 |  4- 6 |  7- 9 || total
---------------------------+-------+-------+-------++-------
  Melee: Unarmed           |    10 |       |       ||    10
         Whip              |     2 |       |       ||     2
         Mace              |     2 |       |       ||     2
         Dagger            |       |     9 |     8 ||    17
         Trident           |       |       |    36 ||    36
   Cast: Foxfire           |    19 |    24 |    40 ||    83
         Scorch            |    11 |    38 |    43 ||    92
         Inner Flame       |     1 |       |     2 ||     3
         Flame Wave        |       |       |     8 ||     8
         Volatile Blastmot |       |       |     2 ||     2
Ability: Spit Poison       |     2 |     1 |     1 ||     4
    Use: Scroll            |     3 |     6 |     1 ||    10
         Potion            |     2 |     1 |     2 ||     5
 Armour: Robe              |    10 |       |       ||    10
         Leather armour    |     8 |    21 |    70 ||    99
  Dodge: Dodged            |    15 |    11 |    77 ||   103

Table legend: (Time is in decaauts)
 A = Elapsed time spent in this place.
 B = Non-inter-level travel time spent in this place.
 C = Inter-level travel time spent in this place.
 D = Time resting spent in this place.
 E = Time spent auto-exploring this place.
 F = Levels seen in this place.
 G = Mean time per level.
                   A        B        C        D        E       F      G
               +--------+--------+--------+--------+--------+-----+--------+
         Total |   8938 |   8938 |      0 |   1765 |    269 |   8 | 1117.2 |
       Dungeon |   8760 |   8760 |      0 |   1765 |    269 |   7 | 1251.4 |
        Temple |    178 |    178 |      0 |      0 |      0 |   1 |  178.0 |
               +--------+--------+--------+--------+--------+-----+--------+

Top non-repeatable levels by time:
     D:4: 1584 daAuts
     D:1: 1543 daAuts
     D:3: 1515 daAuts
     D:5: 1480 daAuts
     D:6: 1215 daAuts
     D:2: 1080 daAuts
     D:7: 340 daAuts
  Temple: 178 daAuts
